 Dungeon Sprint DCSS version 0.27-a0-1090-gb115f176c6 (webtiles) character file.

Game seed: 7773862584829977865

3345 mhtbhm the Scorcher (level 9, -17/45 HPs)
             Began as a Deep Elf Fire Elementalist on Apr 27, 2021.
             Was the Champion of Vehumet.
             Killed from afar by a deep elf zephyrmancer (25 damage)
             ... with a bolt of lightning
             ... in the Dungeon (Sprint V: "Ziggurat Sprint").
             The game lasted 00:02:44 (503 turns).

mhtbhm the Scorcher (Deep Elf Fire Elementalist)     Turns: 503, Time: 00:02:45

Health: -17/45     AC:  5    Str:  5    XL:     9   Next: 72%
Magic:  21/28      EV: 17    Int: 40    God:    Vehumet [******]
Gold:   0          SH:  0    Dex: 15    Spells: 18/34 levels left

rFire    + . .     SeeInvis .   C - +8 lance "Wyrmbane" {slay drac, rPois rF+ rC+ AC+3}
rCold    + . .     Faith    +   (no shield)
rNeg     . . .     Spirit   .   a - +0 robe
rPois    +         Reflect  .   (no helmet)
rElec    .         Harm     .   (no cloak)
rCorr    .         Rampage  .   (no gloves)
Will     .....     NoTele   +   (no boots)
Stlth    ++++......             r - amulet of Hospitality {Faith Int+4}
HPRegen  0.15/turn              u - +6 ring of intelligence
MPRegen  0.21/turn              v - +6 ring of intelligence

@: no status effects
A: no striking features
a: Renounce Religion


You were in the Dungeon.
You worshipped Vehumet.
Vehumet was exalted by your worship.
You visited 1 branch

Inventory:

Hand Weapons
 C - the +8 lance "Wyrmbane" (weapon) {slay drac, rPois rF+ rC+ AC+3}
   (You found it in the Dungeon)

   It affects your AC (+3).
   It protects you from fire.
   It protects you from cold.
   It protects you from poison.
Armour
 a - a +0 robe (worn)
Jewellery
 r - the amulet of Hospitality (around neck) {Faith Int+4}
   (You found it in the Dungeon)

   [amulet of faith]

   It allows you to gain divine favour quickly.
   It affects your intelligence (+4).
 u - a +6 ring of intelligence (left hand)
 v - a +6 ring of intelligence (right hand)
Wands
 y - a wand of mindburst (7)
 z - a wand of iceblast (4)
 A - a wand of acid (5)
Scrolls
 h - 3 scrolls of blinking
 m - 4 scrolls of amnesia
 n - 7 scrolls of fog
 o - a scroll of holy word
 p - 5 scrolls of identify
 q - 2 scrolls of fear
 D - a scroll of brand weapon
Potions
 b - 2 potions of brilliance
 c - 10 potions of curing
 d - 10 potions of heal wounds
 e - 6 potions of haste
 f - 7 potions of magic
 g - 3 potions of berserk rage
 i - 2 potions of invisibility
 j - 4 potions of resistance
 k - a potion of experience
 l - 5 potions of might
Miscellaneous
 s - a box of beasts
 t - a phantom mirror
 w - a box of beasts
 x - a tin of tremorstones (2/2)
 B - a lightning rod (4/4)
 E - a piece from Xom's chessboard (15/15)


   Skills:
 + Level 10.1 Dodging
 - Level 7.9 Stealth
 + Level 13.3 Spellcasting
 + Level 5.2 Conjurations
 + Level 16.9 Fire Magic
 + Level 4.9 Evocations


You had 18 spell levels left.
You knew the following spells:

 Your Spells              Type           Power      Damage    Failure   Level
a - Foxfire               Conj/Fire      100%       2x1d9     0%          1
b - Conjure Flame         Conj/Fire      86%        6-21      1%          3
c - Inner Flame           Hex/Fire       76%        N/A       1%          3
d - Sticky Flame          Conj/Fire      86%        2d10      1%          4
e - Fireball              Conj/Fire      43%        3d17      1%          5

Your spell library contained the following spells:

 Spells                   Type           Power      Damage    Failure   Level
 Frozen Ramparts          Ice            52%        1d7       1%          3
 Magic Dart               Conj           100%       1d8       1%          1
 Blink                    Tloc           N/A        N/A       1%          2
 Call Imp                 Summ           26%        N/A       1%          2
 Slow                     Hex            26%        N/A       1%          2
 Mephitic Cloud           Conj/Pois/Air  40%        N/A       1%          3


Dungeon Overview and Level Annotations

Branches:
Dungeon (1/1)

Altars:
Ashenzari
Cheibriados
Dithmenos
Elyvilon
Fedhas
Gozag
Hepliaklqana
Kikubaaqudgha
Makhleb
Nemelex Xobeh
Okawaru
Qazlal
Ru
Sif Muna
Trog
Uskayaw
Vehumet
Wu Jian
Xom
Yredelemnul
Zin
The Shining One
Beogh
Jiyva
Lugonu


Message History

The air elemental is heavily damaged.
The fireball engulfs the deep elf pyromancer!
The deep elf pyromancer resists.
The deep elf pyromancer is moderately wounded.
The deep elf pyromancer shouts!
The fireball engulfs the deep elf knight!!
The deep elf knight is severely wounded.
The deep elf pyromancer shouts!
A vortex of raging winds appears around the air elemental!
The deep elf knight gestures at itself while chanting.
The deep elf knight flickers and vanishes!
Deactivating autopickup; reactivate with Ctrl-A.
The deep elf zephyrmancer points at you and mumbles some strange words.
The bolt of lightning hits the air elemental.
The air elemental completely resists.
The bolt of lightning hits you!!
Ouch! That really hurt!
* * * LOW HITPOINT WARNING * * *
The deep elf pyromancer casts a spell.
The deep elf pyromancer blinks!
The deep elf pyromancer gestures wildly while chanting.
The deep elf pyromancer blinks!
Casting: Fireball (safe; 1% risk of failure)
Confirm with . or Enter, or press ? or * to list all spells.
Aiming: Fireball (safe; 1% risk of failure)
Press: ? - help, Shift-Dir - straight line, f/p - deep elf pyromancer
Aim: a deep elf pyromancer, wielding a +0 dagger and wearing a ring of fire (moderately wounded)
The fireball explodes!
The fireball engulfs the deep elf pyromancer!
The deep elf pyromancer resists.
The deep elf pyromancer is heavily wounded.
The fireball engulfs the air elemental!!
You destroy the air elemental!
Vehumet accepts your kill.
Vehumet offers you knowledge of Frozen Ramparts.
You feel your power returning.
You hear some strange, mumbled words.
The deep elf zephyrmancer points at you and mumbles some strange words.
The bolt of lightning hits you!!
Ouch! That really hurt!
You die...

▓..8©8..▓
▓..[e.=e..▓...)|..▓
▓...=§[...▓..)[...▓
▓....e{e..▓.......▓
▓.........▓.......▓
▓....e....▓.......▓
▓.........▓.......▓
▓.........▓.▓...▓.▓
▓....@....▓...©...▓
▓▓▓▓▓▓▓▓▓▓▓▓▓▓▓▓▓▓▓
▓..8©8..▓ ▓....=..▓
▓..[.}..▓ ▓....†..▓
▓.......▓ ▓.......▓
▓.......▓


You could see 3 deep elf pyromancers and 2 deep elf zephyrmancers.

Vanquished Creatures
  A deep elf zephyrmancer (D)
  A deep elf pyromancer (D)
  2 ugly things (D)
  2 slime creatures (D)
  An air elemental (D)
  A wyvern (D)
  5 acid dragons (D)
  2 floating eyes (D)
  2 necrophages (D)
  2 phantoms (D)
  A scorpion (shapeshifter) (D)
  2 wights (D)
  A jelly (D)
  2 mummies (D)
  An adder zombie (D)
  A bat skeleton (D)
  A bat zombie (D)
  A ball python skeleton (D)
  A ball python zombie (D)
  A quokka zombie (D)
31 creatures vanquished.

Notes
Turn   | Place    | Note
-------+----------+-------------------------------------------
     0 | D        | mhtbhm the Deep Elf Fire Elementalist began the quest for
                  | the Orb.
     0 | D        | Reached XP level 1. HP: 10/10 MP: 6/6
     0 | D        | Found a shimmering blue altar of Sif Muna.
     0 | D        | Found a bloodstained altar of Trog.
     0 | D        | Found a sacrificial altar of Ru.
     0 | D        | Found a stormy altar of Qazlal.
     0 | D        | Found an iron altar of Okawaru.
     1 | D        | Found a sparkling altar of Nemelex Xobeh.
     1 | D        | Found a blossoming altar of Fedhas.
     2 | D        | Found the +6 Majin-Bo {vamp, MP+6 Int+6}
     2 | D        | Found the +9 heavy crossbow "Sniper" {vorpal, Acc+∞ SInv}
     2 | D        | Found the +10 dark maul {vorpal}
     2 | D        | Found the +15 Maxwell's patent armour {-Cast -Tele rElec
                  | Will+ rCorr}
     2 | D        | Found the +18 shield of the Gong {rElec rN+ Will+ EV-5}
     2 | D        | Found the +14 obsidian axe {vorpal, Drain Fly SInv}
     2 | D        | Found the +7 great mace "Firestarter" {inner flame, rF++}
     2 | D        | Found the +6 shillelagh "Devastator" {shatter}
     2 | D        | Found the +11 plutonium sword {Contam Stlth-}
     2 | D        | Found the +8 lance "Wyrmbane" {slay drac, rPois rF+ rC+
                  | AC+3}
     2 | D        | Found the +9 sword of Zonguldrok {reap}
     2 | D        | Found the +13 scythe of Curses {drain, Drain}
     2 | D        | Found the +5 sword of Power {vorpal}
     2 | D        | Found the +7 mace of Variability {chain chaos}
     2 | D        | Found the +7 Singing Sword {vorpal, sonic wave}
     2 | D        | Found the +8 storm bow {elec, penet}
     3 | D        | Found a transporter.
     3 | D        | Found an ancient bone altar of Kikubaaqudgha.
     3 | D        | Found a viscous altar of Jiyva.
     3 | D        | Found a corrupted altar of Lugonu.
     3 | D        | Found a hazy altar of Hepliaklqana.
     3 | D        | Found a burning altar of Makhleb.
     3 | D        | Found an opulent altar of Gozag.
    35 | D        | Became a worshipper of Vehumet
    55 | D        | Entered arena 2.
    55 | D        | Noticed a deep elf pyromancer
    55 | D        | Noticed a deep elf zephyrmancer
    55 | D        | Found a transporter.
    58 | D        | Killed a deep elf zephyrmancer
    59 | D        | Reached skill level 11 in Fire Magic
    59 | D        | Reached skill level 1 in Evocations
    59 | D        | Reached XP level 2. HP: 15/15 MP: 7/14
    59 | D        | Reached XP level 3. HP: 19/19 MP: 7/15
    59 | D        | Reached XP level 4. HP: 24/24 MP: 7/17
    59 | D        | Reached XP level 5. HP: 28/28 MP: 7/18
    59 | D        | Reached XP level 6. HP: 32/32 MP: 7/20
    59 | D        | Noticed a fire elemental
    59 | D        | Killed a deep elf pyromancer
    60 | D        | Reached skill level 10 in Spellcasting
    60 | D        | Reached skill level 13 in Fire Magic
    60 | D        | Reached XP level 7. HP: 36/36 MP: 7/22
    77 | D        | Learned a level 3 spell: Conjure Flame
    81 | D        | Learned a level 3 spell: Inner Flame
    86 | D        | Learned a level 4 spell: Sticky Flame
    92 | D        | Learned a level 5 spell: Fireball
   149 | D        | Entered arena 3.
   149 | D        | Noticed a red ugly thing
   149 | D        | Noticed a white ugly thing
   149 | D        | Found a transporter.
   152 | D        | Reached * piety under Vehumet
   152 | D        | Offered knowledge of Magic Dart by Vehumet.
   155 | D        | Killed a purple ugly thing
   156 | D        | Reached skill level 14 in Fire Magic
   156 | D        | Reached XP level 8. HP: 41/41 MP: 7/25
   156 | D        | Killed a white ugly thing
   157 | D        | Reached skill level 15 in Fire Magic
   269 | D        | Entered arena 4.
   269 | D        | Found a transporter.
   270 | D        | Reached ** piety under Vehumet
   287 | D        | Entered arena 5.
   287 | D        | Found a transporter.
   288 | D        | Identified the +6 mace "Argheck" {speed, rElec rPois}
   288 | D        | Reached *** piety under Vehumet
   298 | D        | Got the amulet of Hospitality {Faith Int+4}
   325 | D        | Entered arena 6.
   325 | D        | Noticed a slime creature
   325 | D        | Noticed a slime creature
   325 | D        | Found a transporter.
   326 | D        | Offered knowledge of Poisonous Vapours by Vehumet.
   326 | D        | Reached **** piety under Vehumet
   327 | D        | Reached XP level 9. HP: 45/45 MP: 24/27
   327 | D        | Reached ***** piety under Vehumet
   329 | D        | Reached skill level 16 in Fire Magic
   338 | D        | Got the ring "Cymmit" {rC+ rN+ rCorr Str+5 Int-4}
   355 | D        | Entered arena 7.
   357 | D        | Reached ****** piety under Vehumet
   358 | D        | Found a transporter.
   382 | D        | Entered arena 8.
   384 | D        | Reached skill level 10 in Dodging
   385 | D        | Reached skill level 5 in Conjurations
   385 | D        | Found a transporter.
   393 | D        | Got the ring of the Pure Emperors {*Corrode rN+ Dex+10}
   501 | D        | Entered arena 9.
   501 | D        | Noticed a deep elf pyromancer
   501 | D        | Noticed a deep elf zephyrmancer
   501 | D        | Noticed a deep elf pyromancer
   501 | D        | Noticed a deep elf zephyrmancer
   501 | D        | Noticed a deep elf pyromancer
   501 | D        | Noticed a deep elf knight
   503 | D        | Offered knowledge of Frozen Ramparts by Vehumet.
   503 | D        | Killed from afar by a deep elf zephyrmancer

Illustrated notes

Levels and vault maps discovered:
D:        sprint_v [room_start, room_1, room_2, room_3, room_4, room_5, room_6,
          room_7, room_8, room_9, room_10, room_11, room_12, room_13, room_14,
          room_15, room_16, room_17, room_18, room_19, room_20, room_21,
          room_22, room_23, room_24, room_25, room_26, room_27]

Skill      XL: |  1  2  3  4  5  6  7  8  9 |
---------------+----------------------------+-----
Dodging        | 6 7 8 9 10 | 10.1
Stealth        | 6 7 |  7.9
Spellcasting   | 9 10 11 12 13 | 13.3
Fire Magic     | 11 13 14 15 16 | 16.9
Evocations     | 1 2 3 4 |  4.9
Conjurations   | 2 3 5 |  5.2

Action                   |  1- 3 |  4- 6 |  7- 9 || total
-------------------------+-------+-------+-------++-------
 Cast: Fireball          |       |       |    16 ||    16
Evoke: Wand              |     3 |       |     2 ||     5
       Lightning rod     |       |     1 |       ||     1
  Use: Scroll            |       |       |     1 ||     1
Dodge: Dodged            |     1 |       |       ||     1

Table legend: (Time is in decaauts)
 A = Elapsed time spent in this place.
 B = Non-inter-level travel time spent in this place.
 C = Inter-level travel time spent in this place.
 D = Time resting spent in this place.
 E = Time spent auto-exploring this place.
 F = Levels seen in this place.
 G = Mean time per level.
                   A        B        C        D        E       F      G
               +--------+--------+--------+--------+--------+-----+--------+
         Total |    501 |    501 |      0 |    292 |      0 |   1 |  501.0 |
       Dungeon |    501 |    501 |      0 |    292 |      0 |   1 |  501.0 |
               +--------+--------+--------+--------+--------+-----+--------+

Top non-repeatable levels by time:
       D: 501 daAuts
